 Seeded DCSS version 0.29.1-12-g30fa7ad0bf (webtiles) character file.

Game seed: 1 (custom seed)

7732 Kazon the Slasher (level 11, -12/83 HPs)
             Began as a Demonspawn Delver on Dec 23, 2022.
             Was an Elder of Okawaru.
             Mangled by a large abomination (24 damage)
             ... on level 1 of the Abyss on Dec 29, 2022.
             The game lasted 00:35:28 (7131 turns).

Kazon the Slasher (Demonspawn Delver)               Turns: 7131, Time: 00:35:29

Health: -12/83     AC: 31    Str: 17    XL:     11   Next: 0%
Magic:  14/16      EV:  9    Int: 11    God:    Okawaru [****..]
Gold:   434        SH:  6    Dex: 15    Spells: 10/10 levels left

rFire   . . .      SeeInvis .   s - +3 falchion of Winter {venom, rCorr}
rCold   + . .      Faith    .   c - +0 buckler
rNeg    + . .      Spirit   .   m - +9 plate armour "Bootutebb" {Slay+2}
rPois   .          Reflect  .   y - +0 helmet
rElec   .          Harm     .   (no cloak)
rCorr   +          Rampage  .   (no gloves)
Will    .....                   r - +2 pair of boots
Stlth   +.........              n - amulet of the acrobat
HPRegen 0.23/turn               x - ring of positive energy
MPRegen 0.15/turn               G - ring of protection from cold

@: heroic
A: claws 2, yellow scales 2, powered by death 1, spiny 2
a: Renounce Religion, Heroism, Finesse


You were on level 1 of the Abyss.
You worshipped Okawaru.
Okawaru was greatly pleased with you.
You visited 2 branches of the dungeon, and saw 11 of its levels.
You visited the Abyss 1 time.

You collected 618 gold pieces.
You spent 184 gold pieces at shops.

Inventory:

Hand Weapons
 e - a +2 dagger of venom
 s - the +3 falchion of Winter (weapon) {venom, rCorr}
   (You bought it in a shop on level 3 of the Dungeon)

   It poisons the flesh of those it strikes.
   rCorr:     It protects you from acid and corrosion.
 N - the +5 long sword of the Land of Plenty {drain, Dex+3}
   (You found it on level 10 of the Dungeon)

   A truly terrible weapon, it drains the life of any living foe it strikes.
   Dex:       It affects your dexterity (+3).
Missiles
 o - 13 poisoned darts
 u - a throwing net
 v - 14 boomerangs (quivered)
 A - 3 curare-tipped darts
 M - 7 stones
Armour
 c - a +0 buckler (worn)
 m - the +9 plate armour "Bootutebb" (worn) {Slay+2}
   (You acquired it on level 1 of the Dungeon)

   Slay:      It affects your accuracy & damage with ranged weapons and melee
   (+2).
 r - a +2 pair of boots (worn)
 y - a +0 helmet (worn)
Jewellery
 n - an amulet of the acrobat (around neck)
 x - a ring of positive energy (left claw)
 G - a ring of protection from cold (right claw)
 L - a ring of protection from cold
Wands
 g - a wand of digging (3)
 h - a wand of paralysis (15)
 j - a wand of mindburst (16)
 B - a wand of flame (13)
 J - a wand of roots (6)
Scrolls
 d - 2 scrolls of magic mapping
 i - 3 scrolls of identify
 k - 2 scrolls of teleportation
 l - a scroll of amnesia {unknown}
 p - a scroll of poison
 t - 4 scrolls of fear
 w - a scroll of immolation
 D - 4 scrolls of fog
 E - a scroll of summoning {unknown}
 F - 2 scrolls of enchant weapon
Potions
 a - 2 potions of ambrosia {unknown}
 b - 4 potions of berserk rage {unknown}
 f - 3 potions of haste
 q - 3 potions of flight
 z - 5 potions of lignification
 C - 2 potions of cancellation
 H - 2 potions of curing
 I - a potion of might
Miscellaneous
 K - a condenser vane


   Skills:
 * Level 6.6(11.6) Fighting
 + Level 7.6(12.6) Long Blades
 + Level 5.1(10.1) Throwing
 + Level 5.4(10.4) Armour
 + Level 4.3(9.3) Dodging
 + Level 6.7(11.7) Stealth
 + Level 4.0(9.0) Shields
 * Level 7.4 Invocations
 * Level 7.1 Evocations


You had 10 spell levels left.
You didn't know any spells.
Your spell library contained the following spells:

 Spells                   Type           Power      Damage    Failure   Level
 Apportation              Tloc           0%         N/A       100%        1
 Magic Dart               Conj           0%         1d3       100%        1
 Necrotise                Necr           0%         1d4       100%        1
 Sting                    Tmut/Pois      0%         1d3       100%        1
 Poisonous Vapours        Pois/Air       0%         N/A       100%        2
 Mephitic Cloud           Conj/Pois/Air  0%         N/A       100%        3
 Ozocubu's Armour         Ice            0%         N/A       100%        3
 Olgreb's Toxic Radiance  Pois           0%         N/A       100%        4
 Fireball                 Conj/Fire      0%         3d3       100%        5
 Iskenderun's Battlesphe  Conj           0%         2d6       100%        5
 Metabolic Englaciation   Hex/Ice        0%         N/A       100%        5
 Conjure Ball Lightning   Conj/Air       0%         3x3d6     100%        6
 Orb of Destruction       Conj           0%         9d5       100%        7
 Summon Small Mammal      Summ           Unusable   N/A       N/A         1
 Call Imp                 Summ           Unusable   N/A       N/A         2
 Simulacrum               Ice/Necr       Unusable   N/A       N/A         6

Dungeon Overview and Level Annotations

Branches:
Dungeon (10/15)            Temple (1/1) D:7            Lair (0/5) D:10
    Orc: D:9-12

Altars:
Ashenzari
Dithmenos
Gozag
Hepliaklqana
Makhleb
Nemelex Xobeh
Okawaru
Uskayaw
Xom

Shops:
D:3 (   D:8 ?(==

Annotations:
D:10 Erolcha


Innate Abilities, Weirdness & Mutations

You have very sharp fingernails.
You are mostly covered in yellow scales. (AC +3)
You regenerate a little health from kills.
You are mostly covered in sharp spines.


Message History

The large abomination is moderately damaged.
The large abomination hits you but does no damage.
You barely miss the large abomination.
The large abomination is moderately damaged.
The large abomination closely misses you.
You hit the large abomination but do no damage.
The large abomination is moderately damaged.
The large abomination is struck by your spines.
The large abomination hits you but does no damage.
You slash the large abomination!
The large abomination is severely damaged.
The large abomination hits you!
You hit the large abomination.
The large abomination is severely damaged.
The large abomination hits you but does no damage.
You barely miss the large abomination.
The large abomination is severely damaged.
The large abomination hits you but does no damage.
You slash the large abomination!
The large abomination is almost destroyed.
The large abomination hits you!
You barely miss the large abomination.
The large abomination is almost destroyed.
The large abomination hits you but does no damage.
You hit the large abomination but do no damage.
The large abomination is almost destroyed.
The large abomination hits you!
* * * LOW HITPOINT WARNING * * *
You hit the large abomination but do no damage.
The large abomination is almost destroyed.
The large abomination hits you.
* * * LOW HITPOINT WARNING * * *
You closely miss the large abomination.
The large abomination is almost destroyed.
The large abomination hits you.
* * * LOW HITPOINT WARNING * * *
You gain the combat prowess of a mighty hero.
The large abomination is struck by your spines.
The large abomination hits you!!
You die...

.# #..... ....## ...
#........ . .
.#........ .#
.............# #.
.##..........# ... #
...#.... # ....
#....§.....# ..... ###
### .....#X###......
.. . ..........@....#
#'...#.........#......
#...# .......##....###
#..##......... .#..# #
...#∩........# ## ..
..##.#....... '#.##
...#...#### . . .
...'... . # #. .. ...
. . .#.


You could see a large abomination.

Vanquished Creatures
  A two-headed ogre (D:9)
  Maggie (D:6)
  A troll (D:10)
  Prince Ribbit (D:9)
  A shadow (D:9)
  A vampire (D:10)
  A yak (D:6)
  2 wyverns
  Eustachio (D:5)
  2 steam dragons
  Menkaure (D:5)
  Edmund (D:6)
  An acid dragon (D:10)
  4 water moccasins
  4 orc warriors
  An ice beast (D:8)
  5 sky beasts
  2 black bears (D:6)
  4 centaurs
  An ogre (D:6)
  A wolf (D:10)
  2 phantoms (D:6)
  2 kobold brigands
  3 necrophages
  A bullfrog (D:7)
  A gnoll sergeant (D:7)
  5 scorpions
  14 wights
  An electric eel (D:10)
  A howler monkey (D:5)
  2 jellies (D:6)
  6 hounds
  7 orc priests
  A gnoll bouda (D:7)
  6 iguanas
  2 orc wizards (D:9)
  Robin (D:3)
  15 gnolls
  13 adders
  3 shadow imps
  2 white imps (D:7)
  An ufetubus (D:5)
  3 worms
  34 orcs
  4 bats
  11 endoplasms
  A giant cockroach (D:1)
  16 goblins
  8 hobgoblins
  A jackal (D:4)
  17 kobolds
  2 quokkas
  5 ball pythons
  3 frilled lizards
  6 rats
237 creatures vanquished.

Notes
Turn   | Place    | Note
-------+----------+-------------------------------------------
     0 | D:5      | Kazon the Demonspawn Delver began the quest for the Orb.
     0 | D:5      | Reached XP level 1. HP: 18/18 MP: 1/1
    55 | D:5      | Noticed a scorpion
   187 | D:3      | Gained mutation: You are partially covered in sharp spines.
                  | [demonic ancestry]
   187 | D:3      | Reached XP level 2. HP: 23/24 MP: 2/2
   438 | D:1      | Identified a scroll of acquirement
   438 | D:1      | Acquired the +9 plate armour "Bootutebb" {Slay+2}
   500 | D:1      | Reached skill level 1 in Evocations
   798 | D:1      | Gained mutation: You regenerate a little health from kills.
                  | [demonic ancestry]
   798 | D:1      | Reached XP level 3. HP: 29/29 MP: 3/3
  1166 | D:2      | Reached skill level 5 in Stealth
  1243 | D:2      | Reached XP level 4. HP: 22/35 MP: 4/4
  1518 | D:3      | Found Umat's Antique Weapon Boutique.
  1527 | D:3      | Bought a crude falchion for 184 gold pieces
  1527 | D:3      | Identified the +3 falchion of Winter {venom, rCorr} (You
                  | bought it in a shop on level 3 of the Dungeon)
  1729 | D:3      | Reached skill level 1 in Throwing
  1729 | D:3      | Reached skill level 1 in Armour
  1729 | D:3      | Reached XP level 5. HP: 41/41 MP: 5/5
  1828 | D:3      | Reached skill level 5 in Fighting
  1828 | D:3      | Reached skill level 5 in Invocations
  1828 | D:3      | Reached XP level 6. HP: 51/51 MP: 5/9
  1996 | D:3      | Noticed Robin
  2003 | D:3      | Killed Robin
  2525 | D:4      | Gained mutation: You have sharp fingernails. [demonic
                  | ancestry]
  2525 | D:4      | Reached XP level 7. HP: 56/56 MP: 10/10
  2658 | D:4      | Found a hazy altar of Hepliaklqana.
  2906 | D:5      | Noticed Eustachio
  2918 | D:5      | Killed Eustachio
  2919 | D:5      | Reached skill level 5 in Long Blades
  2924 | D:5      | Reached skill level 5 in Evocations
  2972 | D:5      | Gained mutation: You have very sharp fingernails. [demonic
                  | ancestry]
  2972 | D:5      | Reached XP level 8. HP: 60/62 MP: 11/11
  3061 | D:5      | Noticed Menkaure
  3062 | D:5      | Killed Menkaure
  3703 | D:6      | Noticed Maggie
  3721 | D:6      | Killed Maggie
  3961 | D:6      | Gained mutation: You are mostly covered in sharp spines.
                  | [demonic ancestry]
  3961 | D:6      | Reached XP level 9. HP: 65/68 MP: 12/12
  4084 | D:7      | Found a staircase to the Ecumenical Temple.
  4095 | Temple   | Entered the Ecumenical Temple
  4102 | Temple   | Became a worshipper of Warmaster Okawaru
  4155 | D:7      | Found a hide-covered altar of Uskayaw.
  4239 | D:6      | Reached * piety under Okawaru
  4406 | D:6      | Noticed Edmund
  4422 | D:6      | Killed Edmund
  4541 | D:6      | Reached ** piety under Okawaru
  4634 | D:6      | Reached skill level 5 in Armour
  4954 | D:7      | Gained mutation: You are partially covered in yellow
                  | scales. (AC +2) [demonic ancestry]
  4954 | D:7      | Reached XP level 10. HP: 76/76 MP: 14/14
  5568 | D:8      | Found Esumer's Weapon Shop.
  5726 | D:8      | Found Quzidd's Magic Scroll Emporium.
  5945 | D:8      | Found Heidghoki's Jewellery Shop.
  5978 | D:8      | Found Zoxtaeshakh's Jewellery Boutique.
  6366 | D:9      | Noticed Prince Ribbit
  6379 | D:9      | Killed Prince Ribbit
  6379 | D:9      | Reached *** piety under Okawaru
  6564 | D:9      | Reached skill level 5 in Throwing
  6724 | D:9      | Noticed a two-headed ogre
  6734 | D:9      | Killed a two-headed ogre
  6734 | D:9      | Reached **** piety under Okawaru
  6944 | D:10     | Entered Level 10 of the Dungeon
  6986 | D:10     | Found a staircase to the Lair.
  7010 | D:10     | Gained mutation: You are mostly covered in yellow scales.
                  | (AC +3) [demonic ancestry]
  7010 | D:10     | Reached XP level 11. HP: 61/83 MP: 16/16
  7041 | D:10     | Identified the +5 long sword of the Land of Plenty {drain,
                  | Dex+3}
  7087 | D:10     | Noticed Erolcha
  7092 | Abyss:1  | Cast into level 1 of the Abyss (Erolcha)
  7113 | Abyss:1  | Noticed a large abomination
  7131 | Abyss:1  | Mangled by a large abomination

Illustrated notes

Levels and vault maps discovered:
D:1:      dpeg_arrival_three_smaller_balls, layout_basic
D:2:      layout_loops_ring
D:3:      layout_basic, serial_shops, nicolae_shop_stone, st_stairs_9,
          minmay_misc_feat_doors, eino_curves_03, uniq_robin
D:4:      minmay_wonky_spiral, layout_basic,
          mainiacjoe_overflow_surrounded_room, minivault_5
D:5:      layout_cave_pods, uniq_menkaure, uniq_eustachio
D:6:      cheibrodos_barr_body, layout_basic, minmay_crystal_room,
          minmay_pentangle, uniq_maggie, uniq_edmund
D:7:      layout_cave_pools, nicolae_uskayaw_murder_on_the_dancefloor,
          elyvilon_altar_4, minmay_temple_entry_purple_smoke
D:8:      layout_basic, serial_shops, shop_statue, kennysheep_little_box, shop,
          nicolae_shop_window_shopping
D:9:      layout_cave_pools, uniq_prince_ribbit1
D:10:     layout_stronghold, erik_lair_island, serial_shops,
          nicolae_shop_statue_plus, uniq_erolcha
Temple:   nicolae_temple_bog_church
Abyss:1:  base: D:6, minivault_28

Skill      XL: |  1  2  3  4  5  6  7  8  9 10 |
---------------+-------------------------------+-----
Dodging        | 2 4 |  4.3
Long Blades    | 2 4 5 6 7 |  7.6
Evocations     | 1 2 4 5 6 7 |  7.1
Stealth        | 5 6 |  6.7
Throwing       | 1 3 4 5 |  5.1
Armour         | 1 3 4 5 |  5.4
Fighting       | 5 6 |  6.6
Shields        | 3 4 |  4.0
Invocations    | 5 6 7 |  7.4

Action                   |  1- 3 |  4- 6 |  7- 9 | 10-12 || total
-------------------------+-------+-------+-------+-------++-------
Melee: Falchion          |    73 |    50 |   245 |   185 ||   553
       Dagger            |    12 |    14 |       |       ||    26
       Punch             |       |     1 |     1 |       ||     2
Throw: Stone             |    14 |    34 |    30 |    32 ||   110
       Boomerang         |       |       |    11 |     6 ||    17
       Dart              |       |       |       |     2 ||     2
Invok: Heroism           |       |       |       |     4 ||     4
Evoke: Wand              |       |       |     2 |     3 ||     5
  Use: Scroll            |     1 |       |     9 |     4 ||    14
       Potion            |       |     1 |     2 |       ||     3
 Stab: Sleeping          |     3 |       |       |       ||     3
       Paralysed         |       |       |       |     5 ||     5
Armor: Leather armour    |    12 |       |       |       ||    12
       Plate armour      |    34 |    28 |   161 |    88 ||   311
Dodge: Dodged            |    25 |    24 |    69 |    47 ||   165
Block: Buckler           |       |       |    45 |    27 ||    72
